 Dungeon Crawl Stone Soup version 0.29.0-4-gdea44cf6ec (webtiles) character file.

Game seed: 3918851125437080406

405241 iguanaiguana the Metallomancer (level 23, -9/153 HPs)
             Began as a Gargoyle Venom Mage on Aug 27, 2022.
             Was the Champion of Vehumet.
             Killed from afar by a quicksilver elemental (16 damage)
             ... with a bolt of dispelling energy
             ... on level 6 of the Iron City of Dis.
             The game lasted 04:19:28 (58773 turns).

iguanaiguana the Metallomancer (GrVM)              Turns: 58773, Time: 04:19:29

Health: -9/153     AC: 26    Str: 16    XL:     23   Next: 96%
Magic:  28/44      EV: 12    Int: 37    God:    Vehumet [******]
Gold:   1875       SH: 14    Dex:  9    Spells: 0/56 levels left

rFire   + + .      SeeInvis .   a - staff of earth
rCold   + + +      Faith    .   W - +2 shield of Resistance {rF++ rC++ Will++}
rNeg    + . .      Spirit   .   X - +2 robe {Archmagi}
rPois   ∞          Reflect  .   t - +2 helmet {Int+3}
rElec   +          Harm     .   v - +2 cloak
rCorr   +          Rampage  .   G - +2 pair of gloves
Will    ++++.      Archmagi +   P - +2 pair of boots
Stlth   +++....... Rage     3%  F - amulet of regeneration
HPRegen 1.15/turn               z - ring of the Final Nights {Drain rPois rC+ Will+ Int+8}
MPRegen 0.29/turn               Y - ring of resist corrosion

@: flying, studying Short Blades, corroded
A: sickness immunity, AC +17, big wings, negative energy resistance 1,
electricity resistance, torment resistance 1, petrification resistance, berserk
1, strong 1
a: Renounce Religion


You were on level 6 of the Iron City of Dis.
You worshipped Vehumet.
Vehumet was exalted by your worship.
You visited 7 branches of the dungeon, and saw 36 of its levels.
You visited 1 bazaar.
You visited 1 ziggurat, and saw 13 of its levels.
You also visited: Bailey, Ice Cave and Volcano.

You collected 4697 gold pieces.
You spent 2822 gold pieces at shops.

Inventory:

Hand Weapons
 b - the +4 dagger "Morg" {pain, Will+ Int+5}
   (You found it on level 3 of the Dungeon)

   In the hands of one skilled in necromantic magic, it inflicts extra damage on
   living creatures.
   Int:       It affects your intelligence (+5).
   Will:      It increases your willpower.
 Q - a +2 rapier of distortion
Missiles
 c - 5 curare-tipped darts (quivered)
 d - 3 throwing nets
Armour
 t - a +2 helmet of intelligence (worn)
 v - a +2 cloak (worn)
 G - a +2 pair of gloves (worn)
 P - a +2 pair of boots (worn)
 W - the +2 shield of Resistance (worn) {rF++ rC++ Will++}
   (You found it on level 2 of the Depths)

   rF:        It greatly protects you from fire.
   rC:        It greatly protects you from cold.
   Will:      It greatly increases your willpower.
 X - a +2 robe of the Archmagi (worn)
Magical Staves
 a - a staff of earth (weapon)
Jewellery
 e - the ring of the Ten Towns {rPois AC+4 Int+5 SInv}
   (You took it off a deep elf knight on level 3 of the Elven Halls)

   [ring of protection]

   AC:        It affects your AC (+4).
   Int:       It affects your intelligence (+5).
   rPois:     It protects you from poison.
   SInv:      It lets you see invisible.
 y - a ring of wizardry
 z - the ring of the Final Nights (left hand) {Drain rPois rC+ Will+ Int+8}
   (You took it off a deep elf pyromancer on level 3 of the Elven Halls)

   [ring of protection from cold]

   Int:       It affects your intelligence (+8).
   rC:        It protects you from cold.
   rPois:     It protects you from poison.
   Drain:     It drains your maximum health when unequipped.
   Will:      It increases your willpower.
 A - a ring of positive energy
 F - an amulet of regeneration (around neck)
 O - an amulet of magic regeneration
 Y - a ring of resist corrosion (right hand)
Wands
 q - a wand of roots (15)
 B - a wand of light (4)
 M - a wand of paralysis (16)
Scrolls
 f - 6 scrolls of silence
 g - 5 scrolls of vulnerability
 p - 5 scrolls of immolation
 r - 2 scrolls of fear
 u - 15 scrolls of teleportation {@r3}
 E - 3 scrolls of butterflies
 K - 2 scrolls of poison
 N - 6 scrolls of magic mapping {@r5}
Potions
 l - 13 potions of magic
 m - 3 potions of invisibility
 n - 2 potions of resistance {@q5}
 s - a potion of haste {@q4}
 w - 9 potions of curing {@q1}
 C - a potion of cancellation
 D - 4 potions of lignification
 I - 3 potions of ambrosia
 L - 2 potions of brilliance
 V - 5 potions of mutation
Miscellaneous
 i - a phantom mirror
 o - a phial of floods
 J - the horn of Geryon
 T - a condenser vane
 U - a tin of tremorstones (2/2)
 Z - a box of beasts


   Skills:
 + Level 18.8 Fighting
 - Level 2.1 Armour
 - Level 6.3 Dodging
 - Level 8.0 Stealth
 - Level 15.0 Shields
 - Level 17.0 Spellcasting
 - Level 14.0 Conjurations
 - Level 3.9 Translocations
 - Level 3.5 Transmutations
 - Level 4.2 Fire Magic
 - Level 12.0 Ice Magic
 - Level 2.0 Air Magic
 - Level 24.0 Earth Magic
 - Level 8.0 Poison Magic
 - Level 4.0 Evocations


You couldn't memorise any spells.
You knew the following spells:

 Your Spells              Type           Power      Damage    Failure   Level
a - Orb of Destruction    Conj           58%        9d14      1%          7
b - Irradiate             Conj/Tmut      48%        3d27      1%          5
c - Iron Shot             Conj/Erth      78%        9d14      1%          6
d - Ozocubu's Refrigerat  Ice            55%        4d19      3%          7
e - Borgnjor's Vile Clut  Necr/Erth      67%        N/A       1%          5
f - Lee's Rapid Deconstr  Erth           84%        3d38*     0%          5
g - Ignition              Fire           38%        3d11      99%         8
h - Sting                 Tmut/Pois      100%       1d8       1%          1
i - Blink                 Tloc           100%       N/A       1%          2
j - Shatter               Erth           84%        3d61*     2%          9
k - Apportation           Tloc           100%       N/A       1%          1

Your spell library contained the following spells:

 Spells                   Type           Power      Damage    Failure   Level
 Polar Vortex             Ice            55%        N/A       95%         9
 Chain Lightning          Conj/Air       47%        3d62      100%        9
 Freeze                   Ice            100%       1d11      0%          1
 Magic Dart               Conj           100%       1d8       0%          1
 Searing Ray              Conj           100%       2d8       0%          2
 Stone Arrow              Conj/Erth      100%       3d13      0%          3
 Foxfire                  Conj/Fire      100%       2x1d9     1%          1
 Shock                    Conj/Air       100%       1d9       1%          1
 Summon Small Mammal      Summ           100%       N/A       1%          1
 Poisonous Vapours        Pois/Air       100%       N/A       1%          2
 Scorch                   Fire           100%       2d10      1%          2
 Static Discharge         Conj/Air       94%        3-15/arc  1%          2
 Conjure Flame            Conj/Fire      99%        6-21      1%          3
 Dazzling Flash           Conj/Hex       100%       N/A       1%          3
 Gell's Gravitas          Tloc           74%        N/A       1%          3
 Ignite Poison            Fire/Tmut/Pois 81%        N/A       1%          3
 Inner Flame              Hex/Fire       63%        N/A       1%          3
 Lesser Beckoning         Tloc           74%        N/A       1%          3
 Mephitic Cloud           Conj/Pois/Air  94%        N/A       1%          3
 Ozocubu's Armour         Ice            100%       N/A       1%          3
 Teleport Other           Tloc           74%        N/A       1%          3
 Animate Armour           Summ/Erth      100%       N/A       1%          4
 Flame Wave               Conj/Fire      99%        2d21      1%          4
 Fulminant Prism          Conj/Hex       45%        3d21      1%          4
 Hailstorm                Conj/Ice       100%       3d20      1%          4
 Ice Form                 Ice/Tmut       93%        N/A       1%          4
 Iskenderun's Mystic Bla  Conj/Tloc      98%        2d19      1%          4
 Olgreb's Toxic Radiance  Pois           94%        N/A       1%          4
 Petrify                  Tmut/Erth      100%       N/A       1%          4
 Fireball                 Conj/Fire      49%        3d19      1%          5
 Iskenderun's Battlesphe  Conj           100%       2d15      1%          5
 Lightning Bolt           Conj/Air       47%        1d67      1%          5
 Starburst                Conj/Fire      49%        6d14      1%          6
 Lehudib's Crystal Spear  Conj/Erth      78%        10d17     1%          8
 Call Imp                 Summ           47%        N/A       2%          2
 Swiftness                Air            62%        N/A       2%          3
 Airstrike                Air            31%        2d(5-21)  2%          4
 Corpse Rot               Necr/Pois/Air  71%        N/A       4%          4
 Alistair's Intoxication  Tmut/Pois      56%        N/A       4%          5
 Metabolic Englaciation   Hex/Ice        42%        N/A       4%          5
 Summon Guardian Golem    Hex/Summ       47%        N/A       5%          3
 Vampiric Draining        Necr           47%        2d9       5%          3
 Manifold Assault         Tloc           74%        N/A       10%         5
 Summon Lightning Spire   Summ/Air       55%        N/A       12%         4
 Animate Dead             Necr           47%        N/A       19%         4
 Spellforged Servitor     Conj/Summ      45%        N/A       22%         7
 Simulacrum               Ice/Necr       42%        N/A       24%         6
 Silence                  Hex/Air        27%        N/A       32%         5
 Agony                    Necr           47%        N/A       45%         5
 Summon Mana Viper        Hex/Summ       47%        N/A       45%         5
 Dispersal                Tloc           37%        N/A       50%         6
 Death Channel            Necr           23%        N/A       95%         6
 Summon Cactus Giant      Summ           23%        N/A       95%         6
 Malign Gateway           Summ/Tloc      31%        N/A       100%        7
 Summon Hydra             Summ           23%        N/A       100%        7
 Maxwell's Capacitive Co  Air            31%        ∞         100%        8
 Summon Horrible Things   Summ           23%        N/A       100%        8
 Statue Form              Tmut/Erth      Unusable   N/A       N/A         6
 Sublimation of Blood     Necr           Unusable   N/A       N/A         2

Dungeon Overview and Level Annotations

Branches:
Dungeon (15/15) Zot: 23871  Temple (0/1) D:5            Lair (5/5) D:11 Zot: 24089
 Shoals (0/4) Lair:3        Snake (0/4) Lair:2        Slime (0/5) Lair:4
    Orc (2/2) D:9 Zot: 8219     Elf (3/3) Orc:2 Zot: 8615  Vaults (0/5) D:13
 Depths (4/4) D:15 Zot: 15486    Hell (visited)             Dis (6/7) Hell Zot: 26919
    Geh (0/7) Hell            Coc (0/7) Hell            Tar (0/7) Hell
    Zot (0/5) Depths:4     Bailey (visited)           IceCv (visited)
Volcano (visited)

Altars:
Ashenzari
Cheibriados
Dithmenos
Fedhas
Gozag
Hepliaklqana
Nemelex Xobeh
Okawaru
Ru
Sif Muna
Trog
Uskayaw
Vehumet
Yredelemnul
Zin
The Shining One
Jiyva
Lugonu

Shops:
D:5 *   D:7 *   D:9 =   D:13 *   D:14 (   Orc:2 ([(*   Depths:2 ?[

Portals:
Hell: Depths:1 Depths:2 Depths:3 Depths:4
Abyss: Lair:5 Depths:1 Depths:3
Pandemonium: Depths:2 Depths:4

Annotations:
D:1 exclusion: downstairs
D:5 exclusion: statue
D:9 1 transporter
D:13 exclusions: downstairs and upstairs
Lair:2 exclusion: downstairs
Lair:3 exclusion: downstairs


Innate Abilities, Weirdness & Mutations

You are immune to sickness and miasma.
Your stone body is resilient. (AC +17)
You are immune to poison.
Your large and strong wings let you fly.
You resist negative energy. (rN+)
You are resistant to electric shocks. (rElec)
You are resistant to unholy torment.
You are immune to petrification.
You sometimes lose your temper in combat.
Your muscles are strong. (Str +4, Int/Dex -1)


Message History

Your butterfly disappears in a burst of colours!
Okay, then.
Okay, then.
Okay, then.
Okay, then.
You feel protected.
A quicksilver elemental comes into view.
The Hell Sentinel hits something!
Casting: Orb of Destruction (dangerous; 1% risk of failure)
Confirm with . or Enter, or press ? or * to list all spells.
You feel a surge of power!
You blink.
The quicksilver elemental breathes dispelling energy at you.
The bolt of dispelling energy hits your butterfly!!!
Your butterfly dies!
Your butterfly disappears in a burst of colours!
The bolt of dispelling energy hits you!!
Your magical effects are unravelling.
* * * LOW HITPOINT WARNING * * *
The caustic shrike claws your butterfly!
Your butterfly dies!
Your butterfly disappears in a burst of colours!
Okay, then.
As you read the scroll of butterflies, it crumbles to dust.
You hear the tinkle of a tiny bell.
You feel yourself slow down.
Your resistance to elements expires.
Something claws your butterfly!!
Your butterfly dies!
Your butterfly disappears in a burst of colours!
Something hits your butterfly!
Your butterfly dies!
Your butterfly disappears in a burst of colours!
The quicksilver elemental breathes dispelling energy at you.
The bolt of dispelling energy hits your butterfly!!!
Your butterfly dies!
Your butterfly disappears in a burst of colours!
The bolt of dispelling energy hits your butterfly!
Your butterfly dies!
Your butterfly disappears in a burst of colours!
The bolt of dispelling energy hits you!
You die...

*,,,,,,.......,#.1.b+......,..
*,,,,,,,,.....,#....#.......,#
*,,,,,,,,.....E##.####....##+*
*,,,,,,,******#.b....#,,,**,,*
*,,,,,,,* #......+,,,*,,,*
*,,,,,,,* #..bbbE#,,,+,,,*
*,,,,,,,* ###bb....#+*******
*,,,,,,** #bb..b.....,,,,,,,
*,,,,,,* #@.b........,,,,,,
*,,,,,⌠* #bbb.b....>.,,,,,,
*,,,,,,* #bbb........,,,,,,
******** #########*********


You could see a caustic shrike (ally target) and a quicksilver elemental
(catching breath, ally target).

Vanquished Creatures
  A dread lich (Depths:4)
  An ancient lich (Dis:1)
  Mennas (Depths:4)
  3 pandemonium lords
  Saint Roka (Orc:2)
  6 Killer Klowns
  Geryon (Hell)
  16 caustic shrikes
  A golden dragon (Depths:4)
  2 pearl dragons (Zig:6)
  A Brimstone Fiend (Dis:6)
  A Tzitzimitl (Dis:6)
  6 tentacled monstrosities
  2 electric golems (Zig:10)
  A hellephant (Zig:5)
  An Ice Fiend (Dis:6)
  4 Hell Sentinels
  2 deep elf master archers (Elf:3)
  4 deep elf blademasters (Elf:3)
  A walking frostbound tome (Depths:3)
  2 titans
  2 acid blobs (Zig:8)
  6 ancient champions
  The ghost of Barug the Brawler, an adept TrMo of Nemelex Xobeh (Depths:4)
  3 storm dragons
  3 shadow dragons
  A fenstrider witch (shapeshifter) (Zig:12)
  2 daevas (Zig:6)
  A rockslime (Zig:8)
  A fire giant (shapeshifter) (Zig:11)
  3 fire giants
  A draconian monk (Zig:9)
  A revenant (Zig:13)
  Louise (Elf:2)
  3 azure jellies (Zig:8)
  A cacodemon (Hell)
  4 iron dragons
  5 frost giants
  3 deep elf sorcerers
  8 quicksilver elementals
  2 draconian shifters (Zig:9)
  2 draconian scorchers
  A curse skull (Zig:13)
  A spectral caustic shrike (Depths:4)
  A spriggan defender (Depths:2)
  7 deep elf elementalists
  A draconian stormcaller (Depths:4)
  2 reapers (Hell)
  A draconian annihilator (Zig:9)
  9 war gargoyles
  A very ugly thing (Depths:3)
  7 stone giants
  The ghost of 00Nightcrawler the Fighter, a journeyman VSTm of Dithmenos (D:13)
  2 black draconians
  A dire elephant (shapeshifter) (Zig:11)
  A vampire knight (Zig:3)
  4 green draconians
  2 apis (Zig:6)
  5 deep elf demonologists (Elf:3)
  7 deep elf annihilators (Elf:3)
  Azrael (Elf:1)
  A yellow draconian (Zig:9)
  An eleionoma (shapeshifter) (Zig:12)
  A demonspawn black sun (Zig:13)
  4 red draconians
  3 spark wasps (Zig:10)
  A spectral titan (Depths:4)
  A purple draconian (Depths:4)
  6 iron golems
  A blizzard demon (Hell)
  3 green deaths
  2 dire elephants (Zig:5)
  13 deep elf death magi (Elf:3)
  3 spectral golden dragons (Depths:4)
  A jiangshi (Zig:3)
  7 ettins
  12 fire dragons
  Josephine (D:10)
  2 deep elf high priests (Elf:3)
  6 ice dragons
  2 rakshasas
  A salamander tyrant (Zig:7)
  Harold (D:11)
  4 spriggan air magi (Zig:10)
  A vault guard (D:13)
  2 boulder beetles
  A spriggan zombie (Depths:2)
  7 hydras
  An anaconda (shapeshifter) (Depths:3)
  A spriggan skeleton (Hell)
  2 ironbound frosthearts (IceCv)
  A ghost crab (Zig:13)
  A caustic shrike simulacrum (Depths:2)
  34 dancing weapons
  4 centaur warriors
  6 deep troll shamans
  4 two-headed ogres
  A catoblepas (Lair:5)
  A fenstrider witch skeleton (Hell)
  11 death yaks
  4 hell hogs (Hell)
  2 tengu warriors
  4 orc high priests
  Urug (Orc:1)
  2 deep troll earth magi
  2 shock serpents (shapeshifter)
  A vampire mage (Depths:4)
  3 naga sharpshooters (Zig:7)
  3 shock serpents (Zig:10)
  A spectral storm dragon (Depths:4)
  5 spriggan berserkers
  2 thrashing horrors (Lair:5)
  29 deep elf knights
  19 hell knights
  Sonja (Lair:2)
  2 sun demons (Hell)
  5 soul eaters (Hell)
  A fire crab (shapeshifter) (Lair:5)
  4 crystal echidnas
  2 iron trolls (Depths:1)
  3 sixfirhies
  A goliath frog (Zig:4)
  2 fire crabs (Lair:5)
  14 skeletal warriors
  A storm dragon skeleton (Hell)
  5 glowing orange brains
  2 flayed ghosts
  2 death drakes (shapeshifter)
  An orange crystal statue (Zig:6)
  10 deep trolls
  11 deep elf archers
  3 obsidian statues
  2 phantasmal warriors
  A wizard (Depths:2)
  2 lindwurms
  A tengu zombie (Depths:2)
  A sphinx zombie (Depths:2)
  31 deep elf zephyrmancers
  A wolf spider (shapeshifter) (Zig:11)
  3 orc knights
  6 necromancers
  24 deep elf pyromancers
  3 orc sorcerers
  6 cyclopes
  5 manticores
  A salamander (Zig:7)
  3 rust devils
  A frost giant zombie (Depths:2)
  12 ugly things
  A dire elephant zombie (Hell)
  Joseph (D:7)
  7 elephants
  8 black mambas
  6 molten gargoyles
  2 ice statues
  A centaur zombie (Hell)
  The ghost of LynnLen the Covert, a novice SpEn of Makhleb (D:7)
  2 guardian serpents (Zig:7)
  5 smoke demons
  2 naga magi (Zig:7)
  2 apocalypse crabs (Zig:11)
  An eye of devastation (shapeshifter) (Lair:5)
  4 gargoyles
  7 cane toads
  2 rime drakes (Lair:5)
  A torpor snail (Lair:2)
  2 orange demons
  4 hellions (Hell)
  A centaur skeleton (D:15)
  A kobold demonologist (D:12)
  8 komodo dragons
  A yaktaur (shapeshifter) (Elf:3)
  An efreet (Volcano)
  A komodo dragon (shapeshifter) (D:15)
  2 tengu conjurers
  3 freezing wraiths
  8 tormentors
  3 spectral glowing shapeshifters (Depths:4)
  5 ice devils
  A troll (shapeshifter) (Depths:3)
  15 polar bears
  4 red devils
  An ancient zyme (Lair:5)
  7 hornets
  9 trolls
  A harpy zombie (D:15)
  A wolf spider simulacrum (D:13)
  A hellwing (Depths:2)
  A meliai (shapeshifter) (Lair:5)
  50 blink frogs
  A harpy skeleton (D:15)
  A slime creature (shapeshifter) (Zig:2)
  3 dream sheep (shapeshifter)
  15 dream sheep
  18 slime creatures
  2 raiju (Zig:10)
  9 spriggans
  Sigmund (D:2)
  2 culicivoras (shapeshifter)
  3 wraiths (D:10)
  2 shadows (D:12)
  5 air elementals
  6 water elementals
  78 yaks
  3 vampires
  2 ynoxinuls
  3 basilisks
  6 wyverns
  6 fire elementals
  11 chaos spawn
  5 fire bats (Volcano)
  A golden eye (Zig:8)
  2 neqoxecs (Depths:2)
  A warg (shapeshifter) (Elf:1)
  27 vampire mosquitoes
  4 wargs
  2 large abominations (Lair:5)
  3 nagas (Zig:7)
  19 water moccasins
  A hydra simulacrum (Hell)
  3 hell hounds (Elf:1)
  A floating eye (shapeshifter) (Depths:3)
  4 black bears
  41 orc warriors
  2 sky beasts (D:7)
  A black mamba simulacrum (Hell)
  6 ice beasts
  5 boggarts
  A boggart (shapeshifter) (Elf:3)
  5 ogres
  20 wolves (IceCv)
  11 centaurs
  3 phantoms
  6 bullfrogs
  4 kobold brigands
  8 small abominations (Lair:5)
  2 necrophages
  A glowing shapeshifter simulacrum (Depths:4)
  4 earth elementals
  5 wights (D:9)
  16 killer bees
  10 howler monkeys
  2 electric eels (Lair:3)
  5 lava snakes (Volcano)
  4 hounds
  13 jellies
  18 orc priests
  8 iguanas
  24 orc wizards
  3 centaur simulacra
  4 gnolls (D:5)
  6 adders
  A shadow imp (D:8)
  2 white imps (D:7)
  A howler monkey simulacrum (D:7)
  2 ufetubi
  2 dart slugs (D:5)
  88 orcs
  11 endoplasms
  2 giant cockroaches
  5 goblins
  9 hobgoblins
  3 quokkas
  2 ball pythons
  5 bats
  6 frilled lizards
  27 kobolds
  8 rats
  5 bushes (Lair:5)
1424 creatures vanquished.

Vanquished Creatures (collateral kills)
  2 caustic shrikes (Dis:6)
2 creatures vanquished.

Vanquished Creatures (others)
  A deep elf zephyrmancer (Elf:1)
  A wizard (D:6)
  An air elemental (Elf:1)
  A fire bat (Volcano)
  A wolf (IceCv)
  3 bushes (Lair:5)
  43 fungi
  61 plants
112 creatures vanquished.

Grand Total: 1538 creatures vanquished

Notes
Turn   | Place    | Note
-------+----------+-------------------------------------------
     0 | D:1      | iguanaiguana the Gargoyle Venom Mage began the quest for
                  | the Orb.
     0 | D:1      | Reached XP level 1. HP: 10/10 MP: 3/3
   411 | D:1      | Reached XP level 2. HP: 15/15 MP: 3/5
   414 | D:1      | Learned a level 2 spell: Poisonous Vapours
   904 | D:1      | Noticed a golden eye
   957 | D:1      | Found a faded altar of an unknown god.
   968 | D:1      | Noticed a great orb of eyes
   974 | D:1      | Noticed an eye of devastation
   974 | D:1      | Noticed a golden eye
  1188 | D:2      | Reached XP level 3. HP: 18/19 MP: 0/6
  1637 | D:2      | Noticed Sigmund
  1836 | D:3      | Identified the +3 spear "Wuggeur" {vamp, rPois rCorr Str+6}
  1994 | D:3      | Noticed an ice beast
  2008 | D:3      | Killed an ice beast
  2009 | D:3      | Reached skill level 5 in Poison Magic
  2009 | D:3      | Reached XP level 4. HP: 24/24 MP: 7/7
  2009 | D:3      | Reached XP level 5. HP: 28/28 MP: 8/8
  2045 | D:3      | Learned a level 3 spell: Mephitic Cloud
  2205 | D:3      | Found a hazy altar of Hepliaklqana.
  2488 | D:3      | Found the +4 dagger "Morg" {pain, Will+ Int+5}
  2915 | D:4      | Noticed a black bear
  2989 | D:4      | Noticed a phantom
  2995 | D:4      | Killed a phantom
  2996 | D:4      | Reached skill level 1 in Conjurations
  2996 | D:4      | Reached XP level 6. HP: 32/32 MP: 9/9
  3030 | D:4      | Found a glowing silver altar of Zin.
  3043 | D:4      | Reached skill level 1 in Air Magic
  3100 | D:4      | Killed a black bear
  3253 | D:4      | Found a basalt altar of Yredelemnul.
  3911 | D:4      | Found a broken altar of Ashenzari.
  4219 | D:4      | Reached XP level 7. HP: 36/36 MP: 5/10
  4224 | D:4      | Learned a level 4 spell: Olgreb's Toxic Radiance
  4500 | D:5      | Entered Level 5 of the Dungeon
  5048 | D:5      | Reached skill level 5 in Conjurations
  5241 | D:2      | Killed Sigmund
  5242 | D:2      | Reached XP level 8. HP: 41/41 MP: 3/11
  5527 | D:5      | Found Ceoril's Overcharged Wands.
  6092 | D:5      | Found a radiant altar of Vehumet.
  6094 | D:5      | Became a worshipper of Vehumet
  6317 | D:5      | Found a shimmering blue altar of Sif Muna.
  6494 | D:5      | Reached skill level 1 in Evocations
  6722 | D:5      | Found a staircase to the Ecumenical Temple.
  7091 | D:6      | Found a bloodstained altar of Trog.
  7092 | D:6      | Noticed a wizard
  7097 | D:6      | Killed a wizard
  7312 | D:6      | Reached XP level 9. HP: 45/45 MP: 6/15
  7551 | D:6      | Found a snail-covered altar of Cheibriados.
  7603 | D:6      | Reached skill level 1 in Earth Magic
  7789 | D:7      | Noticed Joseph
  7809 | D:7      | Reached skill level 2 in Earth Magic
  7904 | D:7      | Reached skill level 3 in Earth Magic
  7990 | D:7      | Reached * piety under Vehumet
  7990 | D:7      | Offered knowledge of Shock by Vehumet.
  7991 | D:7      | Reached skill level 4 in Earth Magic
  8288 | D:7      | Found a blossoming altar of Fedhas.
  8351 | D:7      | Found a runed translucent gate.
  8351 | D:7      | Found a runed translucent gate.
  8351 | D:7      | Found a runed translucent gate.
  8408 | D:7      | Reached skill level 5 in Earth Magic
  8668 | D:7      | Reached skill level 6 in Earth Magic
  8669 | D:7      | Reached skill level 1 in Fighting
  8946 | D:7      | Found Baeheury's CLEARANCE SALE!.
  8952 | D:7      | Bought a book of Armaments for 144 gold pieces
  8956 | D:7      | Learned a level 3 spell: Stone Arrow
  9044 | D:7      | Bought a scroll of poison for 16 gold pieces
  9087 | D:7      | Noticed LynnLen's ghost (novice SpEn)
  9529 | D:8      | Gained mutation: Your body sometimes deteriorates upon
                  | taking damage. [potion of mutation]
  9529 | D:8      | Gained mutation: Your spells are a little easier to cast,
                  | but a little less powerful. [potion of mutation]
  9529 | D:8      | Gained mutation: You have a beak for a mouth. [potion of
                  | mutation]
  9530 | D:8      | Lost mutation: You have a beak for a mouth. [potion of
                  | mutation]
  9530 | D:8      | Lost mutation: Your body sometimes deteriorates upon taking
                  | damage. [potion of mutation]
  9530 | D:8      | Gained mutation: You occasionally lose the ability to drink
                  | potions when taking damage. [potion of mutation]
  9531 | D:8      | Lost mutation: Your spells are a little easier to cast, but
                  | a little less powerful. [potion of mutation]
  9531 | D:8      | Lost mutation: You occasionally lose the ability to drink
                  | potions when taking damage. [potion of mutation]
  9531 | D:8      | Gained mutation: Your muscles are strong. (Str +4, Int/Dex
                  | -1) [potion of mutation]
 10058 | D:8      | Reached XP level 10. HP: 49/56 MP: 5/16
 10076 | D:8      | Reached skill level 5 in Fighting
 10469 | D:8      | Found a shadowy altar of Dithmenos.
 10633 | D:8      | Found a sparkling altar of Nemelex Xobeh.
 10633 | D:8      | Found an opulent altar of Gozag.
 10811 | D:9      | Reached skill level 5 in Dodging
 11149 | D:9      | Found Foife's Jewellery Shoppe.
 11274 | D:9      | Found a flagged portal.
 11287 | Bailey   | Entered a bailey
 11319 | Bailey   | Offered knowledge of Freeze by Vehumet.
 11470 | Bailey   | Reached ** piety under Vehumet
 11651 | Bailey   | Reached skill level 7 in Earth Magic
 12048 | Bailey   | Reached skill level 8 in Earth Magic
 12090 | Bailey   | Noticed an orc knight
 12196 | Bailey   | Killed an orc knight
 12197 | Bailey   | Reached skill level 5 in Spellcasting
 12214 | Bailey   | Learned a level 5 spell: Lee's Rapid Deconstruction
 12353 | Bailey   | Identified the +5 triple crossbow "Gurch" {elec, Str+2}
 12667 | D:9      | Reached skill level 9 in Earth Magic
 12764 | D:9      | Reached XP level 11. HP: 53/64 MP: 1/18
 12999 | D:9      | Offered knowledge of Ignite Poison by Vehumet.
 13000 | D:9      | Reached skill level 10 in Earth Magic
 13006 | D:9      | Reached skill level 11 in Earth Magic
 13090 | D:9      | Found a transporter.
 13246 | D:9      | Reached *** piety under Vehumet
 13491 | D:9      | Found a staircase to the Orcish Mines.
 13525 | D:10     | Entered Level 10 of the Dungeon
 13530 | D:10     | Learned a level 3 spell: Ignite Poison
 13552 | D:10     | Found a sacrificial altar of Ru.
 13846 | D:10     | Found an iron altar of Okawaru.
 13846 | D:10     | Noticed Josephine
 13853 | D:10     | Killed Josephine
 13854 | D:10     | Reached skill level 12 in Earth Magic
 13901 | D:10     | Offered knowledge of Hailstorm by Vehumet.
 14214 | D:10     | Got the Tome of Ghastly Leadership
 14268 | D:10     | Found a glowing golden altar of the Shining One.
 14538 | D:11     | Found a staircase to the Lair.
 14698 | D:11     | Noticed a two-headed ogre
 14703 | D:11     | Killed a two-headed ogre
 14819 | D:11     | Noticed a deep elf pyromancer
 14823 | D:11     | Killed a deep elf pyromancer
 14824 | D:11     | Reached XP level 12. HP: 73/73 MP: 3/21
 14978 | D:11     | Reached **** piety under Vehumet
 14979 | D:11     | Reached skill level 5 in Stealth
 14980 | D:11     | Offered knowledge of Dazzling Flash by Vehumet.
 15147 | D:11     | Noticed Harold
 15159 | D:11     | Killed Harold
 15361 | Orc:1    | Entered Level 1 of the Orcish Mines
 15469 | Orc:1    | Found a frozen archway.
 15486 | IceCv    | Entered an ice cave
 15768 | IceCv    | Noticed a death yak
 15768 | IceCv    | Noticed a death yak
 15776 | IceCv    | Killed a death yak
 15778 | IceCv    | Killed a death yak
 16059 | IceCv    | Reached skill level 13 in Earth Magic
 16437 | IceCv    | Reached ***** piety under Vehumet
 16598 | IceCv    | Offered knowledge of Eringya's Noxious Bog by Vehumet.
 17031 | IceCv    | Noticed a death yak
 17031 | IceCv    | Noticed a death yak
 17035 | IceCv    | Killed a death yak
 17036 | IceCv    | Reached skill level 10 in Conjurations
 17036 | IceCv    | Reached XP level 13. HP: 78/78 MP: 12/22
 17316 | IceCv    | Reached skill level 14 in Earth Magic
 17692 | IceCv    | Identified the +0 shortbow "Fudamat" {freeze, Will+++ Int-2
                  | Dex-4 Stlth+}
 17771 | Orc:2    | Entered Level 2 of the Orcish Mines
 17885 | Orc:2    | Found a staircase to the Elven Halls.
 17964 | Orc:2    | Found Geinoic's Assorted Antiques.
 17989 | Orc:2    | Bought a scroll labelled MOOKEISHYE for 33 gold pieces
 17989 | Orc:2    | Bought a coppery potion for 29 gold pieces
 18291 | Orc:2    | Found Igrib's Antique Weapon Boutique.
 18315 | Orc:2    | Reached skill level 15 in Earth Magic
 18807 | Orc:2    | Found Guhept's Magic Scroll Emporium.
 18809 | Orc:2    | Offered knowledge of Irradiate by Vehumet.
 19099 | Orc:2    | Found Azxeot's Antique Armour Emporium.
 19101 | Orc:2    | Found Emimpyla's Antique Weapon Shoppe.
 19674 | Orc:2    | Found Guhept's Magic Scroll Emporium.
 19702 | Orc:2    | Found Igrib's Antique Weapon Boutique.
 19769 | Orc:2    | Noticed Saint Roka
 19796 | Orc:2    | Found a staircase to the Elven Halls.
 19822 | Orc:1    | Noticed Urug
 19829 | Orc:1    | Killed Urug
 19830 | Orc:1    | Reached skill level 1 in Transmutations
 19958 | Orc:1    | Learned a level 5 spell: Irradiate
 21444 | D:12     | Reached skill level 1 in Translocations
 22191 | D:12     | Gained mutation: Your large and strong wings let you fly.
                  | [Gargoyle growth]
 22191 | D:12     | Reached XP level 14. HP: 83/86 MP: 7/25
 23068 | D:13     | Offered knowledge of Orb of Destruction by Vehumet.
 23134 | D:12     | Learned a level 2 spell: Blink
 23478 | D:13     | Learned a level 7 spell: Orb of Destruction
 23612 | D:13     | Found a runed translucent door.
 23612 | D:13     | Noticed 00Nightcrawler's ghost (journeyman VSTm)
 23613 | D:13     | Identified the +5 trident of Jyijat {vorpal, rF+ rN+ MP-9
                  | Str+7}
 23773 | Orc:2    | Bought a scroll of magic mapping for 75 gold pieces
 23773 | Orc:2    | Bought a scroll of magic mapping for 75 gold pieces
 23773 | Orc:2    | Bought a scroll of fear for 40 gold pieces
 23773 | Orc:2    | Bought a scroll of teleportation for 30 gold pieces
 23773 | Orc:2    | Bought a scroll of teleportation for 30 gold pieces
 23773 | Orc:2    | Bought a scroll of teleportation for 30 gold pieces
 23773 | Orc:2    | Bought a scroll of teleportation for 30 gold pieces
 23773 | Orc:2    | Bought a scroll of identify for 20 gold pieces
 23773 | Orc:2    | Bought a scroll of identify for 20 gold pieces
 23773 | Orc:2    | Bought a scroll of identify for 20 gold pieces
 23875 | D:9      | Bought an amulet of regeneration for 480 gold pieces
 23970 | D:7      | Killed LynnLen's ghost
 24000 | D:7      | Got the ring of Rogaisig {Fire Int+5}
 24149 | D:7      | Killed Joseph
 25682 | D:13     | Found Qefakk's General Store.
 25894 | D:13     | Found a gate to the Vaults.
 26195 | D:14     | Found Sycsilou's Antique Weapon Emporium.
 26264 | D:14     | Found a hide-covered altar of Uskayaw.
 27099 | D:14     | Reached skill level 1 in Shields
 27482 | D:14     | You are sucked into a shaft and drop 1 floor!
 27482 | D:15     | Entered Level 15 of the Dungeon
 27562 | D:15     | Reached skill level 5 in Shields
 27868 | D:14     | Offered knowledge of Yara's Violent Unravelling by Vehumet.
 27960 | D:13     | Bought a potion of magic for 128 gold pieces
 27960 | D:13     | Bought a potion of curing for 48 gold pieces
 28596 | D:15     | Reached XP level 15. HP: 90/90 MP: 21/27
 29465 | D:15     | Reached skill level 10 in Fighting
 29661 | D:15     | Found a staircase to the Depths.
 29940 | Elf:1    | Entered Level 1 of the Elven Halls
 30110 | Elf:1    | Noticed a deep elf sorcerer
 30119 | Elf:1    | Killed a deep elf sorcerer
 30202 | Elf:1    | Paralysed by an air elemental for 1 turns
 30205 | Elf:1    | Offered knowledge of Fireball by Vehumet.
 30211 | Elf:1    | Identified the +7 great sword of Honour {pain, Fly Str-4
                  | Int+3 SInv}
 31212 | Elf:1    | Reached skill level 10 in Spellcasting
 31681 | Elf:1    | Noticed Azrael
 31760 | Elf:1    | Killed Azrael
 32150 | Elf:1    | Reached XP level 16. HP: 91/101 MP: 22/31
 32396 | Elf:1    | Identified the +11 arbalest "Milylimp" {freeze, *Corrode
                  | rC++ Str+4}
 33118 | Elf:2    | Reached skill level 16 in Earth Magic
 33522 | Elf:2    | Offered knowledge of Iron Shot by Vehumet.
 33534 | Elf:1    | Learned a level 6 spell: Iron Shot
 33633 | Elf:2    | Reached skill level 17 in Earth Magic
 33703 | Elf:2    | Identified the +1 leather armour of Gluttony {rF++ Dex+4}
 34146 | Elf:2    | Found a runed translucent gate.
 34148 | Elf:2    | Found a runed translucent gate.
 34153 | Elf:2    | Found a runed translucent gate.
 34745 | Elf:2    | Reached skill level 18 in Earth Magic
 34819 | Elf:2    | Noticed Louise
 34988 | Elf:2    | Killed Louise
 35404 | Elf:2    | Reached skill level 19 in Earth Magic
 35975 | Elf:3    | Entered Level 3 of the Elven Halls
 36228 | Elf:3    | Reached XP level 17. HP: 102/106 MP: 12/32
 36401 | Elf:3    | Reached skill level 20 in Earth Magic
 36805 | Elf:3    | Noticed a deep elf master archer
 36807 | Elf:3    | Killed a deep elf master archer
 37175 | Elf:3    | Noticed a deep elf blademaster
 37184 | Elf:3    | Killed a deep elf blademaster
 37191 | Elf:3    | Noticed a deep elf blademaster
 37282 | Elf:3    | Killed a deep elf blademaster
 37716 | Elf:3    | Noticed a deep elf master archer
 37725 | Elf:3    | Killed a deep elf master archer
 38225 | Elf:3    | Noticed a deep elf blademaster
 38236 | Elf:3    | Killed a deep elf blademaster
 38238 | Elf:3    | Identified the ring of the Ten Towns {rPois AC+4 Int+5
                  | SInv}
 38282 | Elf:3    | Offered knowledge of Ignition by Vehumet.
 38515 | Elf:3    | Identified the ring of the Final Nights {Drain rPois rC+
                  | Will+ Int+8}
 38744 | Elf:3    | Noticed a deep elf blademaster
 38750 | Elf:3    | Killed a deep elf blademaster
 39152 | Elf:3    | Identified the +1 sling "Iloun" {vorpal, rPois rF+ Dex+2
                  | Stlth+}
 39162 | Elf:3    | Identified the +1 ice dragon scales "Fofuna" {Rampage rF-
                  | rC++ Int+3}
 39168 | Elf:3    | Got the Atlas of Voltaic Heat
 39596 | D:13     | Killed 00Nightcrawler's ghost
 39597 | D:13     | Reached XP level 18. HP: 83/112 MP: 22/36
 39654 | D:13     | Identified the +11 great sword of Descent {drain, Will+
                  | Dex+6}
 39743 | D:15     | Learned a level 8 spell: Ignition
 39744 | Depths:1 | Entered Level 1 of the Depths
 39985 | Depths:1 | Reached skill level 15 in Spellcasting
 40016 | Depths:1 | Found a one-way gate to the infinite horrors of the Abyss.
 40224 | Depths:1 | Found a gateway to a bazaar.
 40359 | Depths:1 | Found a gateway to Hell.
 40642 | Depths:1 | Found a blossoming altar of Fedhas.
 40938 | Depths:2 | Found a one-way gateway to a ziggurat.
 41177 | Depths:2 | Reached ****** piety under Vehumet
 41671 | Depths:2 | Reached skill level 1 in Armour
 42150 | Depths:2 | Found Dudetol's Magic Scroll Emporium.
 42156 | Depths:2 | Found Colipovi's Armour Shoppe.
 42295 | Depths:2 | Offered knowledge of Shatter by Vehumet.
 42295 | Depths:2 | Offered knowledge of Chain Lightning by Vehumet.
 42295 | Depths:2 | Offered knowledge of Polar Vortex by Vehumet.
 42523 | Depths:2 | Found a one-way gate leading to the halls of Pandemonium.
 42767 | Depths:2 | Found the +2 shield of Resistance {rF++ rC++ Will++}
 43794 | Depths:4 | Entered Level 4 of the Depths
 43822 | Depths:3 | Noticed a walking frostbound tome
 43825 | Depths:3 | Killed a walking frostbound tome
 43967 | Depths:3 | Reached XP level 19. HP: 123/123 MP: 24/39
 43973 | Depths:3 | Noticed a tentacled monstrosity
 44305 | Depths:3 | Killed a tentacled monstrosity
 44493 | Depths:3 | Noticed a tentacled monstrosity
 44495 | Depths:3 | Killed a tentacled monstrosity
 44505 | Depths:3 | Noticed a tentacled monstrosity
 44511 | Depths:3 | Killed a tentacled monstrosity
 44560 | Depths:2 | Learned a level 9 spell: Shatter
 45052 | Lair:1   | Entered Level 1 of the Lair of Beasts
 45407 | Lair:1   | Reached skill level 21 in Earth Magic
 45844 | Lair:2   | Found a staircase to the Snake Pit.
 45976 | Lair:2   | Noticed Sonja
 45978 | Lair:2   | Killed Sonja
 46073 | Lair:2   | Found a dark tunnel.
 46090 | Volcano  | Entered a volcano
 46193 | Volcano  | Found a bloodstained altar of Trog.
 47189 | Lair:3   | Found a staircase to the Shoals.
 48491 | Lair:4   | Found a staircase to the Slime Pits.
 48493 | Lair:4   | Found a viscous altar of Jiyva.
 48507 | Lair:4   | Reached skill level 22 in Earth Magic
 48734 | Lair:4   | Identified the +0 robe of the Elephant {Harm rElec Int-5}
 49176 | Lair:5   | Entered Level 5 of the Lair of Beasts
 50552 | Lair:5   | Reached skill level 10 in Shields
 50846 | Lair:5   | Reached XP level 20. HP: 120/128 MP: 36/40
 50861 | Lair:5   | Found a corrupted altar of Lugonu.
 51458 | Orc:2    | Found Emimpyla's Antique Weapon Shoppe.
 51462 | Orc:2    | Found Azxeot's Antique Armour Emporium.
 51513 | Orc:2    | Killed Saint Roka
 51520 | Orc:2    | Found Geinoic's Assorted Antiques.
 52150 | Depths:4 | Reached skill level 23 in Earth Magic
 52382 | Depths:4 | Noticed Mennas
 52385 | Depths:4 | Noticed a caustic shrike
 52386 | Depths:4 | Noticed a caustic shrike
 52389 | Depths:4 | Killed Mennas
 52666 | Depths:4 | Noticed a caustic shrike
 52676 | Depths:4 | Killed a caustic shrike
 52687 | Depths:4 | Killed a caustic shrike
 52687 | Depths:4 | Killed a caustic shrike
 52825 | Depths:4 | Noticed a golden dragon
 52831 | Depths:4 | Killed a golden dragon
 53070 | Depths:4 | Found a gate to the Realm of Zot.
 53268 | Depths:4 | Reached skill level 24 in Earth Magic
 53457 | Depths:4 | Found a runed translucent gate.
 53457 | Depths:4 | Found a runed translucent gate.
 53458 | Depths:4 | Found a runed translucent gate.
 53459 | Depths:4 | Noticed a dread lich
 53460 | Depths:4 | Identified a scroll of acquirement
 53461 | Depths:4 | Noticed Barug's ghost (adept TrMo)
 53682 | Depths:4 | Reached skill level 15 in Fighting
 53693 | Depths:4 | Killed a dread lich
 53840 | Depths:4 | Killed Barug's ghost
 54068 | Bazaar   | Entered a bazaar
 54072 | Bazaar   | Found Rifo's Jewellery Boutique.
 54094 | Bazaar   | Found Gephapn's Antique Weapon Emporium.
 54115 | Bazaar   | Found Pahyng's Assorted Antiques.
 54120 | Bazaar   | Bought a potion of curing for 114 gold pieces
 54120 | Bazaar   | Bought a scroll of enchant armour for 285 gold pieces
 54120 | Bazaar   | Bought a potion of ambrosia for 304 gold pieces
 54135 | Bazaar   | Found Utucawax's Antique Armour Shoppe.
 54141 | Bazaar   | Bought a pair of runed boots for 172 gold pieces
 54162 | Bazaar   | Bought an amulet of magic regeneration for 360 gold pieces
 54174 | Bazaar   | Acquired a book of Party Tricks
 54178 | Bazaar   | Learned a level 1 spell: Apportation
 54494 | Depths:2 | Bought the +0 pair of boots of Foolhardiness {rPois rN+
                  | Str+4} for 339 gold pieces
 54556 | Hell     | Entered the Vestibule of Hell
 54556 | Hell     | Noticed Geryon
 54568 | Hell     | Killed Geryon
 54673 | Hell     | Found a gateway to the decaying netherworld of Tartarus.
 54757 | Hell     | Found a gateway to the ashen valley of Gehenna.
 54759 | Hell     | Gained mutation: You sometimes lose your temper in combat.
                  | [a cacodemon]
 54822 | Hell     | Reached XP level 21. HP: 128/134 MP: 41/41
 55172 | Hell     | Found a gateway to the freezing wastes of Cocytus.
 55232 | Hell     | Found a gateway to the Iron City of Dis.
 55255 | Hell     | Reached skill level 15 in Shields
 55578 | Zig:1    | Entered Level 1 of a ziggurat
 55590 | Zig:2    | Entered Level 2 of a ziggurat
 55622 | Zig:3    | Entered Level 3 of a ziggurat
 55677 | Zig:4    | Entered Level 4 of a ziggurat
 55678 | Zig:4    | Found the +10 Black Knight's barding {ponderous, rPois rN+}
 55715 | Zig:5    | Entered Level 5 of a ziggurat
 55738 | Zig:6    | Entered Level 6 of a ziggurat
 55741 | Zig:6    | Noticed a pearl dragon
 55744 | Zig:6    | Noticed a pearl dragon
 55748 | Zig:6    | Killed a pearl dragon
 55755 | Zig:6    | Killed a pearl dragon
 56093 | Zig:7    | Entered Level 7 of a ziggurat
 56107 | Zig:7    | Reached skill level 5 in Ice Magic
 56107 | Zig:7    | Reached XP level 22. HP: 140/140 MP: 42/42
 56108 | Zig:7    | Identified the ring "Oskac" {rElec Will- EV+4 Str+3 Stlth+}
 56114 | Zig:7    | Got the Codex of Creative Cold
 56128 | Zig:7    | Learned a level 7 spell: Ozocubu's Refrigeration
 56129 | Zig:8    | Entered Level 8 of a ziggurat
 56143 | Zig:8    | Identified the +0 spear of Sosaaqul {venom, rF+++}
 56186 | Zig:9    | Entered Level 9 of a ziggurat
 56286 | Zig:10   | Entered Level 10 of a ziggurat
 56312 | Zig:10   | Got the Treatise on the Oath and Pyromania
 56396 | Zig:11   | Entered Level 11 of a ziggurat
 56400 | Zig:11   | Noticed a Killer Klown
 56401 | Zig:11   | Noticed a Killer Klown
 56401 | Zig:11   | Noticed a Killer Klown
 56402 | Zig:11   | Killed a Killer Klown
 56402 | Zig:11   | Noticed a Killer Klown
 56403 | Zig:11   | Noticed Geuckifa the pandemonium lord
 56403 | Zig:11   | Killed a Killer Klown
 56404 | Zig:11   | Reached skill level 10 in Ice Magic
 56405 | Zig:11   | Killed a Killer Klown
 56409 | Zig:11   | Killed a Killer Klown
 56411 | Zig:11   | Noticed a Killer Klown
 56415 | Zig:11   | Killed Geuckifa the pandemonium lord
 56420 | Zig:11   | Killed a Killer Klown
 56421 | Zig:11   | Reached XP level 23. HP: 85/144 MP: 8/43
 56613 | Zig:11   | Identified the +4 ring mail "Uguff" {Contam Str+6 Dex-5}
 56615 | Zig:11   | Identified the +9 sling "Niel Fuz" {freeze, rC+}
 56619 | Zig:11   | Identified the +2 battleaxe "Zyckuur" {venom, rF- rC+ Will+
                  | Str+3}
 56621 | Zig:11   | Identified the +6 shortbow of the Thing {venom, +Blink
                  | Str+4}
 56624 | Zig:12   | Entered Level 12 of a ziggurat
 56633 | Zig:12   | Noticed Vuecaquw the pandemonium lord
 56633 | Zig:12   | Noticed Rayxt the pandemonium lord
 56633 | Zig:12   | Noticed a Killer Klown
 56634 | Zig:12   | Noticed a Killer Klown
 56635 | Zig:12   | Killed a Killer Klown
 56635 | Zig:12   | Noticed Ekap the pandemonium lord
 56635 | Zig:12   | Noticed Hosev the pandemonium lord
 56636 | Zig:12   | Killed Vuecaquw the pandemonium lord
 56636 | Zig:12   | Noticed a Killer Klown
 56644 | Zig:12   | Killed Rayxt the pandemonium lord
 56650 | Zig:13   | Entered Level 13 of a ziggurat
 56665 | Zig:13   | Noticed WiseOSalty's ghost (legendary TrGl)
 56668 | Zig:13   | Noticed a curse toe
 56672 | Zig:13   | Noticed Fueng's ghost (legendary HOFi)
 57122 | Depths:4 | Learned a level 5 spell: Borgnjor's Vile Clutch
 57295 | Dis:1    | Entered Level 1 of the Iron City of Dis
 57456 | Dis:1    | Noticed an ancient lich
 57458 | Dis:1    | Killed an ancient lich
 57649 | Dis:1    | You are sucked into a shaft and drop 1 floor!
 57708 | Dis:2    | Noticed a caustic shrike
 57773 | Dis:2    | Noticed a caustic shrike
 57775 | Dis:2    | Killed a caustic shrike
 57776 | Dis:2    | Noticed a caustic shrike
 57780 | Dis:2    | Killed a caustic shrike
 57893 | Dis:2    | Killed a caustic shrike
 57931 | Dis:2    | Noticed a caustic shrike
 57935 | Dis:2    | Killed a caustic shrike
 58011 | Dis:3    | Noticed a caustic shrike
 58011 | Dis:3    | Noticed a caustic shrike
 58011 | Dis:3    | Noticed a caustic shrike
 58011 | Dis:3    | Noticed a caustic shrike
 58019 | Dis:4    | Noticed a caustic shrike
 58021 | Dis:4    | Noticed a caustic shrike
 58021 | Dis:4    | Noticed a caustic shrike
 58028 | Dis:4    | Killed a caustic shrike
 58029 | Dis:4    | Noticed a caustic shrike
 58031 | Dis:4    | Killed a caustic shrike
 58037 | Dis:4    | Noticed a caustic shrike
 58039 | Dis:4    | Killed a caustic shrike
 58040 | Dis:4    | Killed a caustic shrike
 58042 | Dis:4    | Killed a caustic shrike
 58692 | Dis:6    | Noticed a caustic shrike
 58692 | Dis:6    | Noticed a caustic shrike
 58692 | Dis:6    | Noticed a caustic shrike
 58692 | Dis:6    | Noticed a caustic shrike
 58703 | Dis:6    | Killed a caustic shrike
 58705 | Dis:6    | Killed a caustic shrike
 58723 | Dis:6    | Killed a caustic shrike
 58729 | Dis:6    | Killed a caustic shrike
 58742 | Dis:6    | Noticed a caustic shrike
 58745 | Dis:6    | Noticed a caustic shrike
 58750 | Dis:6    | Killed a caustic shrike
 58751 | Dis:6    | Noticed a caustic shrike
 58752 | Dis:6    | Killed a caustic shrike
 58752 | Dis:6    | Noticed a caustic shrike
 58772 | Dis:6    | HP: 7/153 [quicksilver elemental/bolt of dispelling energy
                  | (32)]
 58773 | Dis:6    | Killed from afar by a quicksilver elemental

Illustrated notes

Levels and vault maps discovered:
D:1:      matt_arrival_debris, layout_basic,
          hellmonk_ecumenical_altar_watching_god
D:2:      layout_loops_ring, uniq_sigmund
D:3:      layout_loops_ring, lemuel_doored_altar
D:4:      layout_cave_pods, nicolae_ashenzari_panopticon,
          mainiacjoe_overflow_large_starburst, chequers_decorated_corner
D:5:      layout_loops_ring, nicolae_sif_muna_little_library, vehumet_statue,
          minmay_temple_entry_sparse_star, minmay_misc_feat_more_columns,
          nicolae_shop_overcharged_wands
D:6:      layout_basic, lemuel_coloured_pillars_altar, trog_wizard,
          corexii_leaking_fountain
D:7:      layout_cave_pods, mainiacjoe_overflow_catwalk, gammafunk_ghost_icy,
          minivault_25, nicolae_shop_clearance, uniq_joseph
D:8:      layout_basic, grunt_temple_overflow_opulence, grunt_dithmenos_shadows
D:9:      layout_roguey, david_orc_4, serial_shops,
          nicolae_shop_advertising_works [nicolae_subvault_shop_adworks],
          enter_bailey_2, nicolae_diode_basic
D:10:     layout_rooms, okawaru_ov_weapons_minmay,
          nicolae_ru_great_annihilating_truth, nicolae_tso_carved_into_rock,
          uniq_josephine
D:11:     layout_big_octagon, lair_entry_dummy, uniq_harold
D:12:     layout_gridville
D:13:     layout_long_grid, david_vaults_5, ebering_ghost_funeral_grove,
          nicolae_take_the_stairs
D:14:     layout_cave_pools, serial_shops, nicolae_stop_n_shop_1,
          hangedman_decor_slide_cut, nicolae_uskayaw_suspiria
D:15:     grunt_enter_depths_magical_seal, layout_cave_pools,
          nicolae_concentric_dashed_squares_wild, nrook_loot_triangle
Lair:1:   layout_long_grid, lemuel_fruit_tree
Lair:2:   layout_hall_layers, minmay_snake_entry_six_corridors,
          nicolae_volcano_entry_vermiform, uniq_sonja
Lair:3:   layout_cave_pods, elwin_shoals_entry_rocks,
          nicolae_lair_grazing_beasts [nicolae_sub_lair_graze_edge,
          nicolae_sub_lair_graze_edge, nicolae_sub_lair_graze_edge,
          nicolae_sub_lair_graze_edge]
Lair:4:   layout_gridlike, minmay_slime_entry_jelly_boxes, beast_lair_carwin_2
Lair:5:   hellmonk_lair_end_abyssal_woods, layout_loops_ring, minivault_25,
          grunt_forest_large_clearing_hut
Orc:1:    layout_caves, portal_ice_cave_demonic_guard, serial_shops, uniq_urug
Orc:2:    grunt_orc_community_town_hall, layout_diamond_mine,
          grunt_orc_community_big_house_1, grunt_orc_community_big_house_1,
          grunt_orc_community_house_2, grunt_orc_community_house_2,
          grunt_orc_community_house_3, grunt_orc_community_house_3,
          grunt_orc_community_house_1, grunt_orc_community_house_2,
          serial_shops, shop_statue, nicolae_orc_lava_tube
Elf:1:    eino_elf_arrival_customs, layout_loops_corners,
          hangedman_corner_corridor, minmay_the_grid_square_5x5_3x3_mashed
          [minmay_the_grid_square_5x5_dogpile,
          minmay_the_grid_square_5x5_doubleslash,
          minmay_the_grid_square_5x5_inset,
          minmay_the_grid_square_5x5_six_small,
          minmay_the_grid_square_5x5_megaprize_checkered,
          minmay_the_grid_square_5x5_fat_x,
          minmay_the_grid_square_5x5_hourglass,
          minmay_the_grid_square_5x5_shuriken,
          minmay_the_grid_square_5x5_empty], uniq_azrael
Elf:2:    elven_hall_of_blades_hangedman_original
          [nicolae_vaults_blade_armed_guards], layout_loops_corners,
          grunt_ministairs_14, drop_trap, uniq_louise
Elf:3:    minmay_elf_hall_circle, layout_loops_cross
Depths:1: layout_basic, serial_shops, statue_bzr, minmay_misc_feat_cross,
          abyss_entry, hell_entry, hangedman_abyss_or_decor_stagger,
          fedhas_altar_3
Depths:2: kennysheep_demon_jail, layout_basic, enter_ziggurat_a, hell_entry,
          kennysheep_another_room, rand_demon_pan_entry_3,
          minmay_staircase_windowed_large, minmay_shoptagon
Depths:3: evilmike_horseshoe, layout_cave_shapes, hell_entry, abyss_entry,
          infiniplex_staircase_star, uniq_josephina
Depths:4: grunt_crosshair, layout_cave_shapes, minmay_misc_feat_iff, pan_entry,
          hell_entry, gammafunk_ghost_necromancy,
          chequers_serial_rivers_micro_a, uniq_mennas
Hell
Dis:1:    nicolae_dis_metal_hellway, layout_jigsaw
Dis:2:    layout_subdivisions
Dis:3:    layout_regular_city
Dis:4:    layout_gridville, minmay_strange_pillars
Dis:5:    layout_jigsaw
Dis:6:    layout_gridville, nicolae_hells_fiendish_ambush

Skill      XL: |  1  2  3  4  5  6  7  8  9 10 11 12 13 14 15 16 17 18 19 20 21 22 23 |
---------------+----------------------------------------------------------------------+-----
Poison Magic   | 4 5 6 8 |  8.0
Conjurations   | 1 3 5 6 10 13 14 | 14.0
Air Magic      | 1 2 |  2.0
Spellcasting   | 4 5 6 7 8 11 14 16 17 | 17.0
Evocations     | 3 4 |  4.0
Earth Magic    | 6 9 12 13 15 19 20 22 24 | 24.0
Fighting       | 4 5 8 9 12 14 15 18 | 18.8
Dodging        | 4 5 6 |  6.3
Stealth        | 4 8 |  8.0
Transmutations | 3 |  3.5
Translocations | 2 3 |  3.9
Shields        | 6 10 14 15 | 15.0
Armour         | 2 |  2.1
Ice Magic      | 5 11 12 | 12.0
Fire Magic     | 4 |  4.2

Action                   |  1- 3 |  4- 6 |  7- 9 | 10-12 | 13-15 | 16-18 | 19-21 | 22-24 || total
-------------------------+-------+-------+-------+-------+-------+-------+-------+-------++-------
Melee: Dagger            |    18 |    26 |   114 |   158 |    46 |     1 |       |       ||   363
       Unarmed           |     1 |       |       |       |       |       |       |       ||     1
       Spear             |     5 |     7 |    69 |     3 |       |       |       |       ||    84
       Punch             |       |       |     1 |     5 |     1 |       |       |       ||     7
       Staff             |       |       |       |       |       |       |    33 |       ||    33
Throw: Dart              |       |       |       |       |     5 |     1 |       |       ||     6
 Cast: Sting             |    62 |    26 |    16 |       |       |       |       |       ||   104
       Poisonous Vapours |     1 |    28 |    73 |    68 |     9 |       |       |       ||   179
       Mephitic Cloud    |       |       |    10 |    13 |       |       |       |       ||    23
       Olgreb's Toxic Ra |       |       |    27 |    95 |   188 |    61 |   105 |       ||   476
       Lee's Rapid Decon |       |       |       |    18 |   134 |   265 |    35 |    30 ||   482
       Stone Arrow       |       |       |       |    13 |    21 |       |       |       ||    34
       Ignite Poison     |       |       |       |    35 |    98 |    46 |    34 |       ||   213
       Irradiate         |       |       |       |       |    16 |    33 |    33 |     7 ||    89
       Orb of Destructio |       |       |       |       |    16 |     6 |    16 |     9 ||    47
       Blink             |       |       |       |       |     2 |     1 |     5 |    19 ||    27
       Iron Shot         |       |       |       |       |       |    21 |   107 |    21 ||   149
       Shatter           |       |       |       |       |       |       |    86 |    58 ||   144
       Ozocubu's Refrige |       |       |       |       |       |       |       |     4 ||     4
       Borgnjor's Vile C |       |       |       |       |       |       |       |     3 ||     3
Evoke: Wand              |       |       |    13 |    16 |    14 |     1 |     4 |     6 ||    54
       Phial of floods   |       |       |       |       |       |     1 |       |       ||     1
       Lightning rod     |       |       |       |       |       |       |     3 |       ||     3
       Phantom mirror    |       |       |       |       |       |       |     1 |       ||     1
       Tin of tremorston |       |       |       |       |       |       |       |     1 ||     1
  Use: Scroll            |     3 |       |     8 |     5 |    13 |     8 |     9 |    17 ||    63
       Potion            |     1 |     1 |     5 |     1 |     1 |       |     1 |    23 ||    33
 Stab: Sleeping          |       |     2 |       |       |       |       |       |       ||     2
       Confused          |       |       |     3 |     4 |       |       |       |       ||     7
Armor: Robe              |    24 |    17 |    68 |    18 |    55 |    66 |   157 |    25 ||   430
       Troll leather arm |       |       |       |    72 |    53 |       |       |       ||   125
Dodge: Dodged            |    24 |    20 |   118 |   266 |   219 |    60 |   132 |    16 ||   855
       Repelled          |       |       |     1 |     2 |     6 |     3 |     5 |       ||    17
Block: Buckler           |       |       |       |       |    30 |    29 |       |       ||    59
       Kite shield       |       |       |       |       |       |     6 |   173 |    32 ||   211
